 Dungeon Crawl Stone Soup version 0.25-a0-571-gb5e01bddfa (webtiles) character file.

Game seed: 5502990103268702186, levelgen mode: deterministic

481 drasked the Cleaver (level 7, -2/63 HPs)
             Began as a Hill Orc Monk on Feb 29, 2020.
             Was a Believer of Beogh.
             Splashed by a jelly's acid (9 damage)
             ... on level 5 of the Dungeon.
             The game lasted 00:12:01 (5233 turns).

drasked the Cleaver (Hill Orc Monk)                 Turns: 5233, Time: 00:12:01

Health: -2/63      AC: -2    Str: 14    XL:     7   Next: 12%
Magic:  7/7        EV:  6    Int: 12    God:    Beogh [**....]
Gold:   97         SH:  0    Dex: 13    Spells: 6/6 levels left

rFire    . . .     SeeInvis .   a - +0 hand axe
rCold    . . .     Gourm    .   (no shield)
rNeg     . . .     Faith    .   c - +0 chain mail
rPois    .         Spirit   .   t - +0 helmet
rElec    .         Reflect  .   i - +0 cloak
rCorr    .         Harm     .   (no gloves)
MR       .....                  (no boots)
Stlth    ..........             (no amulet)
HPRegen  0.20/turn              (no ring)
MPRegen  0.10/turn              (no ring)

@: corroded
A: no striking features
a: Smiting, Renounce Religion


You were on level 5 of the Dungeon.
You worshipped Beogh.
Beogh was pleased with you.
You were not hungry.

You visited 1 branch of the dungeon, and saw 5 of its levels.

You collected 228 gold pieces.
You spent 131 gold pieces at shops.

Inventory:

Hand Weapons
 a - a +0 hand axe (weapon)
Missiles
 r - 15 poisoned darts (quivered)
Armour
 c - a +0 chain mail (worn)
   (You found it on level 1 of the Dungeon)
 i - a +0 cloak (worn)
   (You found it on level 3 of the Dungeon)
 t - a +0 helmet (worn)
   (You found it on level 3 of the Dungeon)
Scrolls
 g - 2 scrolls of teleportation {unknown}
 j - a scroll of fog {unknown}
 k - 2 scrolls of identify
 o - a scroll of amnesia {unknown}
 u - 2 scrolls of blinking {unknown}
 v - a scroll of enchant armour {unknown}
 x - 3 scrolls of remove curse {unknown}
Potions
 b - a potion of lignification {unknown}
 d - 2 potions of might
 f - 3 potions of flight
 h - a potion of haste
 l - a potion of heal wounds
 m - a potion of mutation {unknown}
 n - a potion of brilliance {unknown}
 q - 2 potions of curing
 s - a potion of cancellation {unknown}
Comestibles
 e - 5 rations
 p - 2 chunks of flesh {@w0}


   Skills:
 + Level 6.1 Fighting
 * Level 8.8 Axes
 - Level 2.4 Dodging
 - Level 1.5 Stealth


You had 6 spell levels left.
You didn't know any spells.
Your spell library was empty.

Dungeon Overview and Level Annotations

Branches:
Dungeon (5/15)
 Temple: D:4-7

Altars:
Yredelemnul

Shops:
D:4 !(*

Annotations:
D:4 Sigmund


Message History

p - 4 chunks of flesh {@w0} (gained 1)
You see here an adder skeleton.
You see here a leather armour.
You enter the shallow water.
Moving in this stuff is going to be slow.
There is a collapsed entrance here.
You can't go down here!
Eating one of 4 chunks of flesh {@w0}.
You eat one of the 4 chunks of flesh {@w0}.
You enter the shallow water.
Moving in this stuff is going to be slow.
You see here a leather armour.
You enter the shallow water.
Moving in this stuff is going to be slow.
You see here an adder skeleton.
You enter the shallow water.
Moving in this stuff is going to be slow.
You enter the shallow water.
Moving in this stuff is going to be slow.
You enter the shallow water.
Moving in this stuff is going to be slow.
You enter the shallow water.
Moving in this stuff is going to be slow.
You see here a leopard gecko skeleton.
You enter the shallow water.
Moving in this stuff is going to be slow.
You enter the shallow water.
Moving in this stuff is going to be slow.
You see here 26 stones.
Eating one of 3 chunks of flesh {@w0}.
You eat one of the 3 chunks of flesh {@w0}.
There is a stone staircase leading down here.
You climb downwards.
An orc and a skeleton come into view.
The orc shouts!
There is a stone staircase leading up here.
Your chain mail prevents you from hitting the orc.
The orc hits you but does no damage.
You hit the orc. You hit the orc but do no damage.
The orc hits you with a +0 hand axe.
You hit the orc but do no damage.
You hit the quokka skeleton but do no damage.
The quokka skeleton bites you but does no damage.
The orc hits you but does no damage.
You hit the orc.
You kill the orc!
You hit the quokka skeleton but do no damage.
The quokka skeleton bites you but does no damage.
You hit the quokka skeleton but do no damage.
The quokka skeleton bites you but does no damage.
You hit the quokka skeleton.
The quokka skeleton bites you but does no damage.
Your chain mail prevents you from hitting the quokka skeleton.
The quokka skeleton barely misses you.
You hit the quokka skeleton. You hit the quokka skeleton.
The quokka skeleton closely misses you.
You hit the quokka skeleton.
You destroy the quokka skeleton!
Found a basalt altar of Yredelemnul.
Things that are here:
a +0 hand axe; a +0 scale mail; an orc corpse A jelly comes into view.
The jelly quivers.
You hit the jelly. The acid corrodes you!
Your hands burn!
You hit the jelly.
Your hands burn!
The jelly closely misses you.
You hit the jelly but do no damage.
Your hands burn!
The jelly hits you but does no damage.
You hit the jelly but do no damage. The acid corrodes you!
Your hands burn!
The jelly closely misses you.
You hit the jelly.
Your hands burn!
The jelly hits you.
You are splashed with acid!
* * * LOW HITPOINT WARNING * * *
You are too injured to fight recklessly!
You are too injured to fight recklessly!
You are too injured to fight recklessly!
You hit the jelly but do no damage.
Your hands burn!
* * * LOW HITPOINT WARNING * * *
The jelly barely misses you.
You hit the jelly.
Your hands burn!
* * * LOW HITPOINT WARNING * * *
The jelly hits you.
* * * LOW HITPOINT WARNING * * *
You are splashed with acid!
* * * LOW HITPOINT WARNING * * *
Your chain mail prevents you from hitting the jelly.
You hit the jelly. The acid corrodes you!
Your hands burn!
* * * LOW HITPOINT WARNING * * *
The jelly jiggles.
The jelly hits you.
* * * LOW HITPOINT WARNING * * *
The acid corrodes you!
You are splashed with acid!
* * * LOW HITPOINT WARNING * * *
Okay, then.
You aren't carrying any items that you can evoke.
You completely miss the jelly.
A quokka comes into view.
The jelly hits you.
* * * LOW HITPOINT WARNING * * *
The acid corrodes you!
You are splashed with acid!
You die...

## . .#
..########.#
....!!.....#
##..###..#.
#J.........
#@.##....##
#..## ...#
#.###<..#
....
#.....).# #..
#...........#
.
#...###r###.#
#... ... #...
...# #...
_....


You could see a jelly and a quokka (wandering).

Levels and vault maps discovered:
D:1:      dpeg_arrival_shelter, layout_basic
D:2:      layout_loops_corners
D:3:      layout_loops_ring
D:4:      layout_loops_ring, gup_sewer_entry_spiral, serial_shops,
          nicolae_shop_window_shopping, shop_fountains, shop_statue,
          kennysheep_mini_moat, first_ration, uniq_sigmund
D:5:      layout_basic, nicolae_overflow_crystal_walls, temple_green,
          basic_altar, hellmonk_ghost_happy_afterlife, grunt_ministairs_13

Notes
Turn   | Place    | Note
-------+----------+-------------------------------------------
     0 | D:1      | drasked the Hill Orc Monk began the quest for the Orb.
     0 | D:1      | Reached XP level 1. HP: 19/19 MP: 1/1
   114 | D:1      | Identified a +0 short sword
   264 | D:1      | Identified a +1 dagger of holy wrath
   276 | D:1      | Reached XP level 2. HP: 25/27 MP: 2/2
   352 | D:1      | Identified a +0 club
   354 | D:1      | Identified a +0 dagger
   872 | D:1      | Identified a +0 chain mail (You found it on level 1 of the
                  | Dungeon)
   939 | D:2      | Reached skill level 4 in Fighting
  1190 | D:2      | Reached skill level 5 in Axes
  1190 | D:2      | Reached XP level 3. HP: 28/33 MP: 3/3
  1250 | D:2      | Identified a +0 dagger
  1252 | D:2      | Identified a +0 club
  2174 | D:3      | Identified a +0 club
  2179 | D:3      | Reached XP level 4. HP: 41/41 MP: 4/4
  2179 | D:3      | Identified a +0 dagger
  2227 | D:3      | Identified a +0 club
  2227 | D:3      | Identified a +0 flail
  2228 | D:3      | Identified a +0 dagger
  2228 | D:3      | Identified a +0 robe
  2285 | D:3      | Identified a +0 club
  2466 | D:3      | Identified a +0 club
  2509 | D:3      | Identified a +0 club
  2584 | D:3      | Identified a +0 trident
  2585 | D:3      | Became a worshipper of Beogh the Brigand
  2585 | D:3      | Reached * piety under Beogh
  2585 | D:3      | Reached ** piety under Beogh
  2587 | D:3      | Identified a +0 dagger
  2587 | D:3      | Identified a +0 scale mail
  2757 | D:3      | Identified a +0 short sword
  2757 | D:3      | Identified a +0 leather armour
  2778 | D:3      | Identified a +0 dagger
  2781 | D:3      | HP: 1/41 [orc wizard/puff of frost (11)]
  2783 | D:3      | Reached skill level 6 in Axes
  3242 | D:3      | Identified a +0 cloak (You found it on level 3 of the
                  | Dungeon)
  3247 | D:3      | Identified a +0 helmet (You found it on level 3 of the
                  | Dungeon)
  3293 | D:4      | Identified a +0 club
  3293 | D:4      | Identified a +0 dagger
  3293 | D:4      | Identified a +0 robe
  3293 | D:4      | Identified a +0 hand axe
  3557 | D:4      | Identified a +0 scythe
  3557 | D:4      | Identified a +0 robe
  3557 | D:4      | Noticed Sigmund
  3557 | D:4      | Noticed a sky beast
  3657 | D:4      | Reached XP level 5. HP: 37/47 MP: 5/5
  3743 | D:4      | Reached skill level 5 in Fighting
  3751 | D:4      | Identified a +0 dagger
  3760 | D:4      | Identified a +0 short sword
  3760 | D:4      | Identified a +0 leather armour
  3825 | D:4      | Reached skill level 7 in Axes
  3866 | D:4      | Found Tebun's General Store.
  3870 | D:4      | Bought a scroll of identify for 26 gold pieces
  3870 | D:4      | Bought a potion of curing for 39 gold pieces
  3875 | D:4      | Identified a +0 hand axe
  3977 | D:4      | HP: 11/48 [sky beast (3)]
  3992 | D:4      | Killed a sky beast
  3992 | D:4      | Reached XP level 6. HP: 22/56 MP: 6/6
  4288 | D:4      | Reached skill level 8 in Axes
  4531 | D:4      | Found Seunuam's Distillery.
  4558 | D:4      | Found Gastyuru's Antique Weapon Shoppe.
  4707 | D:4      | Reached skill level 6 in Fighting
  4707 | D:4      | Reached XP level 7. HP: 55/63 MP: 7/7
  4775 | D:4      | Bought a potion of degeneration for 11 gold pieces
  4775 | D:4      | Bought a potion of heal wounds for 55 gold pieces
  4776 | D:4      | Identified 3 potions of flight
  4777 | D:4      | Identified 2 potions of might
  4778 | D:4      | Identified a potion of haste
  5197 | D:5      | Entered Level 5 of the Dungeon
  5197 | D:5      | Identified a +0 hand axe
  5197 | D:5      | Identified a +0 scale mail
  5212 | D:5      | Found a basalt altar of Yredelemnul.
  5230 | D:5      | HP: 9/63 [acid (7)]
  5233 | D:5      | Splashed by a jelly's acid

Table legend:
 A = Turns spent in this place as a percentage of turns spent in the entire game.
 B = Non-inter-level travel turns spent in this place as a percentage of non-inter-level travel turns spent in the entire game.
 C = Inter-level travel turns spent in this place as a percentage of turns spent in this place.
 D = Turns resting spent in this place as a percentage of non-inter-level travel turns spent in this place.
 E = Turns spent auto-exploring this place as a percentage of non-inter-level travel turns spent in this place.
 F = Non-inter-level travel turns spent in this place divided by the number of levels of this place that you've seen.
                   A       B       C       D       E      F
               +-------+-------+-------+-------+-------+----------------------
         Total | 100.0 | 100.0 |   4.1 |  29.3 |  50.1 | 1003.4
       Dungeon | 100.0 | 100.0 |   4.1 |  29.3 |  50.1 | 1003.4
               +-------+-------+-------+-------+-------+----------------------

Table legend:
 A = Kills in this place as a percentage of kills in entire the game.
 B = Kills by you in this place as a percentage of kills by you in the entire game.
 C = Kills by friends in this place as a percentage of kills by friends in the entire game.
 D = Other kills in this place as a percentage of other kills in the entire game.
 E = Experience gained in this place as a percentage of experience gained in the entire game.
 F = Experience gained in this place divided by the number of levels of this place that you have seen.
                   A       B       C       D       E      F
               +-------+-------+-------+-------+-------+----------------------
         Total | 100.0 | 100.0 |   N/A |   N/A | 100.0 | 137.6
       Dungeon | 100.0 | 100.0 |   N/A |   N/A | 100.0 | 137.6
               +-------+-------+-------+-------+-------+----------------------

Skill      XL: |  1  2  3  4  5  6 |
---------------+-------------------+-----
Fighting       | 4 5 6 |  6.1
Axes           | 5 6 7 8 |  8.8
Dodging        | |  2.4
Stealth        | |  1.5

Action                   |  1- 3 |  4- 6 |  7- 9 || total
-------------------------+-------+-------+-------++-------
Melee: Hand axe          |    92 |   221 |    68 ||   381
Throw: Stone             |    64 |    30 |       ||    94
       Dart              |       |     1 |     1 ||     2
Invok: Convert to Beogh  |       |     1 |       ||     1
  Use: Potion            |       |     1 |       ||     1
       Scroll            |       |       |     3 ||     3
  Eat: Chunk             |     4 |     5 |     2 ||    11
       Ration            |       |     1 |       ||     1
Armor: Robe              |     3 |       |       ||     3
       Chain mail        |    36 |   103 |    29 ||   168
Dodge: Dodged            |    47 |    52 |    17 ||   116

Vanquished Creatures
  A sky beast (D:4)
  A scorpion (D:4)
  3 howler monkeys (D:4)
  An orc priest (D:4)
  2 orc wizards
  A hound skeleton (D:4)
  A howler monkey skeleton (D:4)
  5 adders
  An ooze (D:4)
  4 leopard geckos
  10 orcs
  4 bats
  6 giant cockroaches
  5 goblins
  4 hobgoblins
  3 jackals (D:4)
  A quokka (D:2)
  3 ball pythons
  6 frilled lizards
  5 kobolds
  A leopard gecko skeleton (D:4)
  A quokka skeleton (D:5)
  9 rats
78 creatures vanquished.

Vanquished Creatures (others)
  2 orcs (D:3)
2 creatures vanquished.

Grand Total: 80 creatures vanquished
